 Dungeon Crawl Stone Soup version 0.32-a0-886-g41c5271027 (webtiles) character file.

Game seed: 12250069439184372176

65 Fodor the Covered (level 3, 0/33 HPs)
             Began as a Minotaur Fighter on Apr 2, 2024.
             Slain by an ogre
             ... wielding a +0 giant club
              (17 damage)
             ... on level 3 of the Dungeon.
             The game lasted 00:05:42 (1577 turns).

Fodor the Covered (Minotaur Fighter)                Turns: 1577, Time: 00:05:43

Health: 0/33       AC:  9    Str: 22    XL:     3   Next: 94%
Magic:  2/2        EV:  8    Int:  5    God:
Gold:   149        SH:  4    Dex:  9    Spells: 2/2 levels left

rFire   . . .        a - +0 war axe
rCold   . . .        c - +0 buckler
rNeg    . . .        b - +0 scale mail
rPois   .            (helmet restricted)
rElec   .            (no cloak)
rCorr   .            j - +0 pair of gloves
SInv    .            g - +0 pair of boots
Will    .....        (no amulet) Stlth
                     (no ring)
HPRegen 0.25/turn    (no ring)
MPRegen 0.08/turn

%: no passive effects
@: no status effects
A: horns 2, retaliatory headbutt
a: no special abilities


You were on level 3 of the Dungeon.
You visited 1 branch of the dungeon, and saw 3 of its levels.

You collected 149 gold pieces.

Inventory:

Hand Weapons
 a - a +0 war axe (weapon)
Missiles
 i - 2 boomerangs (quivered)
Armour
 b - a +0 scale mail (worn)
 c - a +0 buckler (worn)
 g - a +0 pair of boots (worn)
 j - a +0 pair of gloves (worn)
Scrolls
 e - a scroll of poison {unknown}
 f - a scroll of identify {unknown}
 h - a scroll of blinking {unknown}
 l - a scroll of enchant armour {unknown}
 m - a scroll of summoning {unknown}
Potions
 d - 2 potions of might
 k - a potion of resistance {unknown}
 n - a potion of attraction {unknown}
 o - a potion of ambrosia {unknown}
 p - a potion of lignification {unknown}


   Skills:
 + Level 4.1 Fighting
 + Level 3.3 Axes
 + Level 0.2 Throwing
 + Level 4.5 Armour
 + Level 0.2 Dodging
 + Level 4.1 Shields


You had 2 spell levels left.
You didn't know any spells.
Your spell library contained the following spells:

 Spells                   Type           Power      Damage    Failure   Level
 Passwall                 Erth           0%         N/A       99%         3
 Stone Arrow              Conj/Erth      0%         3d7       99%         3
 Volatile Blastmotes      Fire/Tloc      0%         2d10      99%         3
 Animate Armour           Summ/Erth      0%         N/A       100%        4
 Vhi's Electric Charge    Tloc/Air       0%         N/A       100%        4
 Bombard                  Conj/Erth      0%         9d1       100%        6
 Lehudib's Crystal Spear  Conj/Erth      0%         10d2      100%        8


Dungeon Overview and Level Annotations

Branches:
Dungeon (3/15)

Altars:


Innate Abilities, Weirdness & Mutations

You have a pair of horns on your head.
You reflexively headbutt those who attack you in melee.


Message History

The quokka barely misses you.
You closely miss the quokka. The quokka bites you.
The rat bites you but does no damage.
You miss the quokka. You slash the rat!
You kill the rat!
The quokka bites you but does no damage. x2
You closely miss the quokka. You headbutt the quokka.
The quokka is almost dead.
The quokka bites you but does no damage.
You block the quokka's attack.
You closely miss the quokka.
The quokka is almost dead.
You block the quokka's attack.
You closely miss the quokka. You headbutt the quokka.
You kill the quokka!
Found 5 poisoned darts.
You now have 141 gold pieces (gained 17).
HP restored.
You see here 5 poisoned darts.
p - a lumpy silvery potion A quokka comes into view.
Found 8 gold pieces and a stone.
You throw a boomerang. The boomerang hits the quokka.
You kill the quokka!
No target in view!
You now have 149 gold pieces (gained 8).
An ogre comes into view. It is wielding a +0 giant club.
You throw a boomerang. The boomerang hits the ogre.
The ogre is moderately wounded.
You throw a boomerang. The boomerang hits the ogre.
The ogre is moderately wounded.
You throw a boomerang. The boomerang barely misses the ogre.
You throw a boomerang. The boomerang hits the ogre.
The ogre is moderately wounded.
The ogre hits you with a +0 giant club!
You hit the ogre but do no damage.
The ogre is moderately wounded.
The ogre hits you with a +0 giant club!
Ouch! That really hurt!
You die...

. ##. #.. #.# #####.#
(..##.# ##.##.# #####
##.##.# #...#
......##########@####
##.#.......##....O..#
#.#.####........##.#
..#.# #..##..........
####.##.........###.....
#.........#..# ###.
#.##.#.†#.#..#
#............#
#.......#.(...


You could see an ogre.

Vanquished Creatures
  2 adders (D:2)
  2 dart slugs (D:1)
  An endoplasm (D:1)
  4 giant cockroaches (D:1)
  A goblin (D:1)
  5 hobgoblins
  6 quokkas
  6 ball pythons
  2 bats (D:1)
  A frilled lizard (D:1)
  6 kobolds
  5 rats
41 creatures vanquished.

Notes
Turn   | Place    | Note
-------+----------+-------------------------------------------
     0 | D:1      | Fodor the Minotaur Fighter began the quest for the Orb.
     0 | D:1      | Reached XP level 1. HP: 19/19 MP: 0/0
    67 | D:1      | Found a faded altar of an unknown god.
   145 | D:1      | Reached XP level 2. HP: 27/27 MP: 1/1
   453 | D:1      | Reached XP level 3. HP: 30/33 MP: 2/2
  1572 | D:3      | Noticed an ogre
  1577 | D:3      | Slain by an ogre

Illustrated notes

Levels and vault maps discovered:
D:1:      ncdulo_halloftheorcs, layout_rooms, ebering_ecumenical_altar_mist,
          hangedman_decor_clover_reticule, minmay_vboxes
D:2:      layout_basic
D:3:      layout_loops_cross, nicolae_dithmenos_through_a_glass_darkly

Skill      XL: |  1  2  3 |
---------------+----------+-----
Armour         | 4 |  4.5
Fighting       | 4 |  4.1
Axes           | 3 |  3.3
Shields        | 4 |  4.1
Throwing       | |  0.2
Dodging        | |  0.2

Action                     || total
---------------------------++-------
  Melee: War axe           ||    81
         Headbutt          ||    13
  Throw: Boomerang         ||    23
 Armour: Scale mail        ||    55
  Dodge: Dodged            ||    32
  Block: Buckler           ||    21

Table legend: (Time is in decaauts)
 A = Elapsed time spent in this place.
 B = Non-inter-level travel time spent in this place.
 C = Inter-level travel time spent in this place.
 D = Time resting spent in this place.
 E = Time spent auto-exploring this place.
 F = Levels seen in this place.
 G = Mean time per level.
                   A        B        C        D        E       F      G
               +--------+--------+--------+--------+--------+-----+--------+
         Total |   1615 |   1460 |    155 |      0 |   1145 |   3 |  538.3 |
       Dungeon |   1615 |   1460 |    155 |      0 |   1145 |   3 |  538.3 |
               +--------+--------+--------+--------+--------+-----+--------+

Top non-repeatable levels by time:
     D:1: 854 daAuts
     D:2: 699 daAuts
     D:3: 60 daAuts
